 Dungeon Crawl Stone Soup version 0.29.0-4-gdea44cf6ec (webtiles) character file.

Game seed: 13764814893380407320

66 qw the Chopper (level 3, 0/29 HPs)
             Began as a Demonspawn Cinder Acolyte on Sept 8, 2022.
             Was a High Priest of Ignis.
             Succumbed to their own poison gas
             ... on level 2 of the Dungeon.
             The game lasted 00:00:39 (2407 turns).

qw the Chopper (Demonspawn Cinder Acolyte)          Turns: 2407, Time: 00:00:40

Health: 0/29       AC: 10    Str: 16    XL:     3   Next: 96%
Magic:  4/4        EV:  9    Int: 15    God:    Ignis [*****.]
Gold:   34         SH:  0    Dex:  8    Spells: 4/4 levels left

rFire   + . .      SeeInvis .   Y - -1 hand axe (flame)
rCold   . . .      Faith    .   (no shield)
rNeg    . . .      Spirit   .   a - +0 scale mail
rPois   .          Reflect  .   (no helmet)
rElec   .          Harm     .   (no cloak)
rCorr   .          Rampage  .   (no gloves)
Will    .....                   (no boots)
Stlth   ..........              (no amulet)
HPRegen 0.09/turn               g - +4 ring of protection
MPRegen 0.09/turn               (no ring)

@: lethally poisoned (0 -> -4), very slow
A: foul stench 1
a: Renounce Religion, Fiery Armour, Foxfire Swarm, Rising Flame


You were on level 2 of the Dungeon.
You worshipped Ignis.
Ignis was extremely pleased with you.
You visited 1 branch of the dungeon, and saw 2 of its levels.

You collected 34 gold pieces.


Innate Abilities, Weirdness & Mutations

You may rarely emit foul miasma when damaged in melee.


   Skills:
 - Level 3.0 Fighting
 - Level 4.2 Axes
 + Level 0.0 Armour
 - Level 1.0 Dodging
 - Level 1.0 Spellcasting
 - Level 2.6 Fire Magic


You had 4 spell levels left.
You didn't know any spells.
Your spell library contained the following spells:

 Spells                   Type           Power      Damage    Failure   Level
 Scorch                   Fire           16%        2d5       43%         2

Inventory:

Hand Weapons
 Y - a -1 hand axe of flaming (weapon)
Armour
 a - a +0 scale mail (worn)
Jewellery
 g - a +4 ring of protection (left hand)
Potions
 d - a potion of attraction {unknown}
 f - a potion of heal wounds {unknown}

Dungeon Overview and Level Annotations

Branches:
Dungeon (2/15)

Altars:


Message History

You hear a splash.
Done exploring.
2398 ||| READING scroll labelled JUODOYN OSKU.
The air fills with toxic fumes!
As you read the scroll labelled JUODOYN OSKU, it crumbles to dust.
It was a scroll of poison.
Done exploring.
2399 ||| READING scroll labelled ZAELUCV UDE FUTO.
As you read the scroll labelled ZAELUCV UDE FUTO, it crumbles to dust.
You assume a fearsome visage.
Nothing appears to happen.
It was a scroll of fear.
Done exploring.
2400 ||| READING scroll labelled WENY GICHIN.
As you read the scroll labelled WENY GICHIN, it crumbles to dust.
It is a scroll of enchant armour.
Really abort (and waste the scroll)?
Done exploring.
(D) Dungeon
Where to? (* - list waypoints, Enter - D:2, ? - help)
What level of the Dungeon? (default 1, ? - help) Sorry, I don't know how to get there.
Done exploring.
2401 ||| Stepping randomly (stuck).
Really walk into that cloud of poison gas?
You are engulfed in poison gas.
You are poisoned.
You feel extremely sick.
2402 ||| Stepping ~*~*~tactically~*~*~ (cloud).
You feel very sick.
You see here a +0 leather armour.
There is a lethal amount of poison in your body!
You feel very sick.
There is a lethal amount of poison in your body!
You feel sick.
There is a lethal amount of poison in your body!
You feel sick.
There is a lethal amount of poison in your body!
You feel sick.
There is a lethal amount of poison in your body!
You die... ## #####........######.####..... .## ########..# ###.####..... ..## #777.# #............ #..## 70...# #............ ##..## 770P7## #............ ##..# 7P0P77 #............ ####'##### 7P¤P¤77

#............
.........###700¤¤P77#............
......##...#70¤0@¤P7#............
......####).77P~~077#.......##...
####........7707P77 #.......##.#.
#.........77777 #.......##.#.
####.........##.## ###'######.#.
..#############..#### #.######.#.
..# #..77777...# #......#.#. ..#
#.7P.7777..# ######.#.#. ..#
#......77..# #.#..7


There were no monsters in sight!

Vanquished Creatures
  3 adders (D:2)
  2 dart slugs (D:2)
  A bat (D:2)
  5 endoplasms
  3 giant cockroaches
  2 goblins
  3 hobgoblins
  3 jackals (D:1)
  4 kobolds
  2 quokkas
  A frilled lizard (D:2)
  3 rats
32 creatures vanquished.

Vanquished Creatures (others)
  3 plants (D:2)
3 creatures vanquished.

Grand Total: 35 creatures vanquished

Notes
Turn   | Place    | Note
-------+----------+-------------------------------------------
     0 | D:1      | qw the Demonspawn Cinder Acolyte began the quest for the
                  | Orb.
     0 | D:1      | Reached XP level 1. HP: 18/18 MP: 2/2
     0 | D:1      | 0 ||| qw: Version: 0.1-a-112-g44dc6cd
     0 | D:1      | 0 ||| qw: Game counter: 6752
     0 | D:1      | 0 ||| qw: Always use a shield: true
     0 | D:1      | 0 ||| qw: God list: Okawaru
     0 | D:1      | 0 ||| qw: Allow faded altars: false
     0 | D:1      | 0 ||| qw: Do Orc after D:15 true
     0 | D:1      | 0 ||| qw: Do second Lair branch before Depths: true
     0 | D:1      | 0 ||| qw: Lair rune preference: random
     0 | D:1      | 0 ||| qw: Plans: Normal
     0 | D:1      | 0 ||| PLANNING D:1-11
   189 | D:1      | Reached skill level 3 in Axes
   292 | D:1      | Gained mutation: You may rarely emit foul miasma when
                  | damaged in melee. [demonic ancestry]
   292 | D:1      | Reached XP level 2. HP: 24/24 MP: 3/3
   670 | D:1      | 670 ||| UPGRADING to +0 leather armour.
   680 | D:1      | 680 ||| DROPPING +0 robe.
   681 | D:1      | 681 ||| UPGRADING to +4 ring of protection.
   682 | D:1      | 682 ||| READING scroll labelled QIZXYPRYUPP.
   683 | D:1      | 683 ||| READING scroll labelled APOTAMIBLE.
   819 | D:1      | 819 ||| READING scroll labelled ESUTAE TORELO.
   863 | D:2      | 863 ||| STAIRDANCE
   970 | D:2      | 970 ||| STAIRDANCE
  1098 | D:2      | 1098 ||| Stepping ~*~*~tactically~*~*~ (stealth).
  1147 | D:2      | 1147 ||| Stepping ~*~*~tactically~*~*~ (stealth).
  1191 | D:2      | Reached XP level 3. HP: 23/29 MP: 4/4
  1355 | D:2      | Reached skill level 4 in Axes
  1570 | D:2      | Reached skill level 1 in Dodging
  2387 | D:2      | 2387 ||| UPGRADING to +0 scale mail.
  2397 | D:2      | 2397 ||| DROPPING +0 leather armour.
  2398 | D:2      | 2398 ||| READING scroll labelled JUODOYN OSKU.
  2399 | D:2      | 2399 ||| READING scroll labelled ZAELUCV UDE FUTO.
  2400 | D:2      | 2400 ||| READING scroll labelled WENY GICHIN.
  2401 | D:2      | 2401 ||| Stepping randomly (stuck).
  2402 | D:2      | 2402 ||| Stepping ~*~*~tactically~*~*~ (cloud).
  2403 | D:2      | HP: 6/29 [poisoned by you (poison gas)]
  2405 | D:2      | HP: 2/29 [poisoned by you (poison gas)]
  2407 | D:2      | Succumbed to their own poison gas

Levels and vault maps discovered:
D:1:      dpeg_arrival_fog, layout_basic
D:2:      layout_basic, serial_forest, infiniplex_forest_straight_3,
          infiniplex_forest_clump_double, infiniplex_forest_lined_room_,
          infiniplex_forest_end_1, infiniplex_forest_clump_small,
          infiniplex_forest_pool

Skill      XL: |  1  2  3 |
---------------+----------+-----
Axes           | 3 4 |  4.2
Dodging        | 1 |  1.0
Fighting       | |  3.0
Spellcasting   | |  1.0
Fire Magic     | |  2.6

Action                   || total
-------------------------++-------
Melee: Hand axe          ||   125
       Punch             ||     2
  Use: Scroll            ||     6
Armor: Robe              ||     4
       Leather armour    ||    40
Dodge: Dodged            ||    81

Table legend:
 A = Non-vault XP
 B = Vault XP
 C = Vault XP percentage of total XP
 D = Non-vault monster count
 E = Vault monster count
 F = Vault count percentage of total count
                 A         B        C        D         E       F
            +---------+---------+-------+---------+---------+-------
      Total |      95 |       0 |   0.0 |      32 |       0 |   0.0
            +---------+---------+-------+---------+---------+-------
        D:1 |      19 |       0 |   0.0 |      11 |       0 |   0.0
        D:2 |      76 |       0 |   0.0 |      21 |       0 |   0.0
            +---------+---------+-------+---------+---------+-------
